 Dungeon Crawl Stone Soup version 0.28.0-53-g5a82cb258f (webtiles) character file.

Game seed: 1108100326964603889

499 oldmanjim the Cleaver (level 7, 0/61 HPs)
             Began as a Hill Orc Fighter on Aug 18, 2022.
             Slain by a steam dragon (5 damage)
             ... on level 3 of the Dungeon.
             The game lasted 00:11:12 (3479 turns).

oldmanjim the Cleaver (Hill Orc Fighter)            Turns: 3479, Time: 00:11:12

Health: 0/61       AC: 10    Str: 21    XL:     7   Next: 16%
Magic:  7/7        EV:  9    Int:  8    God:
Gold:   123        SH:  5    Dex: 10    Spells: 6/6 levels left

rFire   . . .      SeeInvis .   a - +0 war axe
rCold   . . .      Faith    .   c - +0 buckler
rNeg    . . .      Spirit   .   b - +0 scale mail
rPois   .          Reflect  .   p - +2 hat
rElec   .          Harm     .   (no cloak)
rCorr   .          Rampage  .   (no gloves)
Will    .....                   m - +0 pair of boots
Stlth   ..........              (no amulet)
HPRegen 0.20/turn               (no ring)
MPRegen 0.10/turn               (no ring)

@: no status effects
A: no striking features
a: no special abilities


You were on level 3 of the Dungeon.
You visited 1 branch of the dungeon, and saw 4 of its levels.

You collected 123 gold pieces.

Inventory:

Hand Weapons
 a - a +0 war axe (weapon)
Missiles
 f - 112 stones (quivered)
 g - 29 arrows
Armour
 b - a +0 scale mail (worn)
 c - a +0 buckler (worn)
 l - a +0 kite shield
 m - a +0 pair of boots (worn)
 p - a +2 hat (worn)
Scrolls
 d - 3 scrolls of teleportation {unknown}
 h - a scroll of torment {unknown}
 i - a scroll of silence
 j - a scroll of acquirement {unknown}
 n - a scroll of holy word {unknown}
 o - a scroll of blinking {unknown}
Potions
 e - 3 potions of curing
 k - a potion of brilliance
 q - a potion of attraction {unknown}


   Skills:
 - Level 5.0 Fighting
 + Level 8.0 Axes
 - Level 3.2 Armour
 - Level 5.0 Shields


You had 6 spell levels left.
You didn't know any spells.
Your spell library contained the following spells:

 Spells                   Type           Power      Damage    Failure   Level
 Ensorcelled Hibernation  Hex/Ice        0%         N/A       92%         2
 Spider Form              Tmut/Pois      0%         N/A       99%         3
 Anguish                  Hex/Necr       0%         N/A       100%        4


Dungeon Overview and Level Annotations

Branches:
Dungeon (4/15)
 Temple: D:4-7

Altars:
Qazlal

Annotations:
D:4 Eustachio


Message History

The steam dragon is severely wounded.
The steam dragon breathes steam at you. The ball of steam hits you!
* * * LOW HITPOINT WARNING * * *
Unknown command.
You hit the steam dragon but do no damage.
The steam dragon is severely wounded.
You are engulfed in a cloud of scalding steam.
You block the steam dragon's attack. The steam dragon claws you.
* * * LOW HITPOINT WARNING * * *
You barely miss the steam dragon.
The steam dragon is severely wounded.
You are engulfed in a cloud of scalding steam.
The steam dragon bites you.
* * * LOW HITPOINT WARNING * * *
The steam dragon claws you.
* * * LOW HITPOINT WARNING * * *
The steam dragon bites you but does no damage.
The steam dragon claws you but does no damage.
You barely miss the steam dragon.
The steam dragon is severely wounded.
You are engulfed in a cloud of scalding steam.
The steam dragon barely misses you.
The steam dragon claws you but does no damage.
Unknown command.
You closely miss the steam dragon.
The steam dragon is severely wounded.
You are engulfed in a cloud of scalding steam.
* * * LOW HITPOINT WARNING * * *
The steam dragon closely misses you. You block the steam dragon's attack.
Unknown command.
You hit the steam dragon.
The steam dragon is severely wounded.
The steam dragon barely misses you. The steam dragon claws you.
* * * LOW HITPOINT WARNING * * *
Unknown command.
You slash the steam dragon!
The steam dragon is almost dead.
The steam dragon bites you.
You die...

...................### #.#
.....................# #.#
##########.#######.#.# #.#
## #.# #.#.###.# .# ###.#
#[#.#.#.# .# #...# #.#.#.#.#
.#### #.[.# #.#.#.#.###
###.####...#######.#.#.#.#.#
...............D@#.........#
###.##.#.......).....#.#.#.#
............##...........#.#
............####.#.#.#.#.#.#
.##.##.#....# #.#.#...#.#.#
.##.##.##...# ######.######
###
.##[##..#...#########.....#
#.#
................##........#
#.##
.............#####.##.##..#
#...


You could see a steam dragon.

Vanquished Creatures
  Grinder (D:3)
  A scorpion (D:3)
  Jessica (D:2)
  An iguana (D:3)
  An orc wizard (D:3)
  3 gnolls (D:3)
  6 adders
  An ufetubus (D:3)
  3 dart slugs
  2 orcs (D:4)
  8 endoplasms
  3 giant cockroaches (D:3)
  11 goblins
  8 hobgoblins
  5 jackals
  5 kobolds
  2 quokkas (D:2)
  7 ball pythons
  3 bats
  6 rats
78 creatures vanquished.

Notes
Turn   | Place    | Note
-------+----------+-------------------------------------------
     0 | D:1      | oldmanjim the Hill Orc Fighter began the quest for the Orb.
     0 | D:1      | Reached XP level 1. HP: 19/19 MP: 1/1
   192 | D:1      | Reached skill level 3 in Axes
   193 | D:1      | Reached XP level 2. HP: 24/27 MP: 2/2
   254 | D:1      | Found a faded altar of an unknown god.
   926 | D:2      | Reached XP level 3. HP: 33/33 MP: 3/3
  1173 | D:2      | Noticed Jessica
  1195 | D:2      | Killed Jessica
  1196 | D:2      | Reached skill level 4 in Axes
  1196 | D:2      | Reached XP level 4. HP: 6/41 MP: 4/4
  1930 | D:3      | Noticed a scorpion
  2100 | D:3      | Reached XP level 5. HP: 37/47 MP: 5/5
  2361 | D:3      | Reached skill level 5 in Fighting
  2374 | D:3      | Found a stormy altar of Qazlal.
  2377 | D:3      | Noticed Grinder
  2388 | D:3      | Killed Grinder
  2389 | D:3      | Reached skill level 6 in Axes
  2389 | D:3      | Reached skill level 5 in Shields
  2389 | D:3      | Reached XP level 6. HP: 56/56 MP: 6/6
  2656 | D:3      | Reached skill level 7 in Axes
  2820 | D:3      | Reached XP level 7. HP: 61/61 MP: 7/7
  3462 | D:4      | Noticed a steam dragon
  3464 | D:4      | Noticed Eustachio
  3472 | D:3      | Reached skill level 8 in Axes
  3479 | D:3      | Slain by a steam dragon

Illustrated notes

Levels and vault maps discovered:
D:1:      ncdulo_wetmaze, layout_rooms, ebering_ecumenical_altar_box
D:2:      layout_loops_ring, grunt_decor_resistance, uniq_jessica
D:3:      layout_basic, nicolae_overflow_crystal_walls, grunt_ministairs_4,
          nrook_campfire, minmay_pentangle, uniq_grinder
D:4:      layout_loops_ring, temple_statues, minmay_misc_feat_enclosed,
          nicolae_underground_beach, uniq_eustachio, uniq_crazy_yiuf_cottage

Skill      XL: |  1  2  3  4  5  6  7 |
---------------+----------------------+-----
Axes           | 3 4 6 7 8 |  8.0
Fighting       | 4 5 |  5.0
Shields        | 4 5 |  5.0
Armour         | |  3.2

Action                   |  1- 3 |  4- 6 |  7- 9 || total
-------------------------+-------+-------+-------++-------
Melee: War axe           |   102 |    99 |    36 ||   237
Throw: Stone             |     7 |    11 |       ||    18
  Use: Scroll            |     1 |     3 |       ||     4
       Potion            |     1 |     1 |     1 ||     3
Armor: Scale mail        |    44 |    52 |    16 ||   112
Dodge: Dodged            |    46 |    45 |    12 ||   103
Block: Buckler           |    14 |    25 |     8 ||    47
